 Dungeon Crawl Stone Soup version 0.22.1-1-ga44c0e56f4 (webtiles) character file.

94 KleinerIrrer the Ducker (level 4, -3/31 HPs)
             Began as an Octopode Fighter on Oct 19, 2018.
             Slain by an orc priest (5 damage)
             ... on level 3 of the Dungeon.
             The game lasted 00:01:49 (1733 turns).

KleinerIrrer the Ducker (Octopode Fighter)          Turns: 1733, Time: 00:01:50

Health: -3/31      AC:  1    Str: 15    XL:     4   Next: 63%
Magic:  4/4        EV: 12    Int: 10    God:
Gold:   140        SH:  0    Dex: 12    Spells: 3/3 levels left

rFire    + . .     SeeInvis .     - Unarmed
rCold    . . .     Gourm    .   a - +0 shield
rNeg     . . .     Faith    .   (helmet restricted)
rPois    .         Spirit   .   (no amulet)
rElec    .         Reflect  .   (no ring)
rCorr    .         Harm     .   (no ring)
MR       .....     Rnd*Rage +   (no ring)
Stlth    ++........             (no ring)
HPRegen  0.10/turn              (no ring)
MPRegen  0.09/turn              (no ring)
                                (no ring)
                                (no ring)

@: confused
A: almost no armour, stealthy swim, amphibious, 8 rings, constrict 8, camouflage
1, berserk 1, fire resistance 1, gelatinous body 1, evolution 1
a: no special abilities


You were on level 3 of the Dungeon.
You were hungry.

You visited 1 branch of the dungeon, and saw 3 of its levels.

You collected 140 gold pieces.

Inventory:

Missiles
 h - 18 poisoned needles
Armour
 a - a +0 shield (worn)
Scrolls
 f - a scroll of enchant weapon {unknown}
 i - a scroll of remove curse {unknown}
 k - a scroll of immolation {unknown}
Potions
 b - a potion of might
 g - a potion of flight {unknown}
Comestibles
 c - 3 rations
 d - 11 chunks of flesh


   Skills:
 + Level 3.4 Fighting
 + Level 3.7 Dodging
 + Level 3.6 Shields
 + Level 3.0 Unarmed Combat


You had 3 spell levels left.
You didn't know any spells.
Your spell library contained the following spells:

 Spells                   Type           Power        Failure   Level  Hunger
 Animate Skeleton         Necr           N/A          86%         1    ##.....
 Apportation              Tloc           #.....       86%         1    ##.....
 Confusing Touch          Hex            #.....       86%         1    ##.....
 Summon Small Mammal      Summ           #...         86%         1    ##.....


Dungeon Overview and Level Annotations

Branches:
Dungeon (3/15)

Altars:


Innate Abilities, Weirdness & Mutations

You cannot wear most types of armour.
You are very stealthy in the water. (Stealth+)
You are amphibious.
You can wear up to eight rings at the same time.
You can use your tentacles to constrict eight enemies at once.
Your skin changes colour to match your surroundings (Stealth+).
Your rubbery body absorbs attacks. (AC +1, EV +1)
You tend to lose your temper in combat.
Your flesh is heat resistant. (rF+)
You evolve.


Message History

The orc misses you.
The orc wizard mumbles some strange words.
The orc wizard flickers and vanishes!
Deactivating autopickup; reactivate with Ctrl-A.
The orc priest closely misses you.
You're too confused to move!
The orc hits you with a whip.
* * * LOW HITPOINT WARNING * * *
The orc priest barely misses you. Something hits you.
* * * LOW HITPOINT WARNING * * *
You're too confused!
It was a potion of magic.
Magic courses through your body. The orc barely misses you.
It was a potion of mutation.
You feel extremely strange.
You feel a little pissed off.
You feel nature experimenting on you.
Don't worry, failures die fast.
You feel resistant to heat. The orc barely misses you. Something hits you.
* * * LOW HITPOINT WARNING * * *
The orc priest hits you.
You die...

##...#######...# ##.##
###.#### #.# #......# #.#
#.#†##.# ##'## #.#..#.#
##...## #.##)#.#
##.(...## #.##.#.#
##..oo...## #.#..#.#
#...o@....# #......###
...'.........'...........
.#.#.........####...#####
#.##.......## ##...
##.....## #... ##...##
#... ##+## ###.#


You could see an orc priest and 2 orcs.

Vanquished Creatures
  A howler monkey (D:3)
  3 adders
  A dart slug (D:1)
  7 goblins
  2 hobgoblins
  A quokka (D:2)
  6 bats
  5 frilled lizards
  4 kobolds
30 creatures vanquished.

Notes
Turn   | Place    | Note
-------+----------+-------------------------------------------
     0 | D:1      | KleinerIrrer the Octopode Fighter began the quest for the
                  | Orb.
     0 | D:1      | Reached XP level 1. HP: 16/16 MP: 1/1
   509 | D:1      | Reached XP level 2. HP: 17/21 MP: 2/2
   967 | D:2      | Reached XP level 3. HP: 26/26 MP: 3/3
  1450 | D:3      | Reached XP level 4. HP: 22/31 MP: 4/4
  1733 | D:3      | Gained mutation: You tend to lose your temper in combat.
                  | [potion of mutation]
  1733 | D:3      | Gained mutation: You evolve. [potion of mutation]
  1733 | D:3      | Gained mutation: Your flesh is heat resistant. (rF+)
                  | [potion of mutation]
  1733 | D:3      | Slain by an orc priest

Skill      XL: |  1  2  3  4 |
---------------+-------------+-----
Unarmed Combat | 3 |  3.0
Fighting       | |  3.4
Dodging        | |  3.7
Shields        | |  3.6

Action                   |  1- 3 |  4- 6 || total
-------------------------+-------+-------++-------
Melee: Unarmed           |    49 |    22 ||    71
       Constrict         |    15 |     4 ||    19
       Tentacles         |    10 |     1 ||    11
  Use: Potion            |       |     2 ||     2
 Stab: Sleeping          |     7 |       ||     7
  Eat: Chunk             |     2 |       ||     2
Armor: Skin              |     7 |       ||     7
Dodge: Dodged            |    20 |    15 ||    35
Block: Shield            |    25 |     5 ||    30
